 Dungeon Crawl Stone Soup version 0.24.0-3-g28a8eb0610 (webtiles) character file.

Game seed: 5101396798027453468, levelgen mode: deterministic

92766 Quickbrownfox the Summoner (level 16, -5/101 HPs)
             Began as a Merfolk Summoner on Oct 30, 2019.
             Was the Champion of Hepliaklqana.
             Slain by a +2 dire flail of venom (7 damage)
             ... on level 1 of the Elven Halls on Nov 1, 2019.
             The game lasted 08:02:47 (39821 turns).

Quickbrownfox the Summoner (Merfolk Summoner)      Turns: 39821, Time: 08:02:48

Health: -5/101     AC: 28    Str: 18    XL:     16   Next: 6%
Magic:  0/33       EV: 14    Int: 26    God:    Hepliaklqana [******]
Gold:   870        SH:  0    Dex: 18    Spells: 8/42 levels left

rFire    + + +     SeeInvis +   g - +9 spear (drain)
rCold    + . .     Gourm    .   y - +3 shield of Egalitarianism {+Inv rElec Int+4 Dex-2}
rNeg     . . .     Faith    .   N - +2 chain mail {MR+}
rPois    +         Spirit   +   t - +2 helmet
rElec    +         Reflect  .   o - +2 cloak "Hicowi" {Str+6}
rCorr    +         Harm     .   (no gloves)
MR       ++...                  e - +1 pair of boots {Stlth+}
Stlth    +.........             a - amulet of guardian spirit
HPRegen  0.26/turn              x - ring "Hubeduwu" {rF+ AC+6}
MPRegen  0.23/turn              w - ring of Esegad {rPois rF+ Int+3 SInv}

@: confused, agile, lethally poisoned (-5 -> -29), resistant, slightly
contaminated
A: change form in water, swift swim, stealthy swim, reduced essence, iridescent
scales 1, clever 1
a: Recall Ancestor, Ancestor Identity, Transference, Idealise, Renounce
Religion, Evoke Invisibility


You were on level 1 of the Elven Halls.
You worshipped Hepliaklqana.
Hepliaklqana was exalted by your worship.
You were not hungry.

You visited 9 branches of the dungeon, and saw 30 of its levels.
You also visited: Ice Cave.

You collected 2318 gold pieces.
You spent 1448 gold pieces at shops.

Inventory:

Hand Weapons
 g - a +9 spear of draining (weapon)
 D - the +8 scimitar of Sudden Death {freeze, Str+2}
   (You found it on level 6 of the Dungeon)

   It has been specially enchanted to freeze those struck by it, causing extra
   injury to most foes and up to half again as much damage against particularly
   susceptible opponents.
   It can also slow down cold-blooded creatures.
   It affects your strength (+2).
 L - the +3 long sword of Hemif {vamp, rN+}
   (You found it on level 14 of the Dungeon)

   It inflicts no extra harm, but heals its wielder when it wounds a living foe.
   It protects you from negative energy.
Missiles
 J - 27 boomerangs (quivered)
Armour
 e - a +1 pair of boots of stealth (worn)
 k - the +1 pair of gloves "Telanud" {-Tele +Inv rN+ Dex+5}
   (You found it on level 1 of the Lair of Beasts)

   It affects your dexterity (+5).
   It protects you from negative energy.
   It lets you turn invisible.
   It prevents most forms of teleportation.
 o - the +2 cloak "Hicowi" (worn) {Str+6}
   (You acquired it on level 13 of the Dungeon)

   It affects your strength (+6).
 t - a +2 helmet (worn)
 y - the +3 shield of Egalitarianism (worn) {+Inv rElec Int+4 Dex-2}
   (You found it on level 2 of the Lair of Beasts)

   It affects your intelligence (+4).
   It affects your dexterity (-2).
   It insulates you from electricity.
   It lets you turn invisible.
 F - a scarf of repulsion
 N - a +2 chain mail of magic resistance (worn)
 V - the +3 scale mail of Objectivity {-Tele rC+ rCorr Int+3}
   (You bought it in a shop on level 2 of the Orcish Mines)

   It affects your intelligence (+3).
   It protects you from cold.
   It prevents most forms of teleportation.
   It provides partial protection from all sources of acid and corrosion.
Jewellery
 a - an amulet of guardian spirit (around neck)
 w - the ring of Esegad (right hand) {rPois rF+ Int+3 SInv}
   (You bought it in a shop on level 8 of the Dungeon)

   [ring of poison resistance]

   It affects your intelligence (+3).
   It protects you from fire.
   It protects you from poison.
   It lets you see invisible.
 x - the ring "Hubeduwu" (left hand) {rF+ AC+6}
   (You took it off a centaur on level 12 of the Dungeon)

   [ring of protection]

   It affects your AC (+6).
   It protects you from fire.
 K - an uncursed ring of resist corrosion
 M - the ring "Hiycataq" {Fire rPois MP-9 Int+3}
   (You took it off a crimson imp on level 9 of the Dungeon)

   [ring of fire]

   It enhances your fire magic.
   It affects your intelligence (+3).
   It protects you from fire.
   It makes you vulnerable to cold.
   It protects you from poison.
   It affects your magic capacity (-9).
 P - the ring of Kuvaiwnojua {rC+ MR+}
   (You found it on level 9 of the Dungeon)

   [ring of protection from cold]

   It protects you from cold.
   It affects your resistance to hostile enchantments.
 Q - the ring of Rugokeun {Str+3 Int+4 Dex+4}
   (You found it on level 9 of the Dungeon)

   [ring of dexterity]

   It affects your strength (+3).
   It affects your intelligence (+4).
   It affects your dexterity (+4).
Wands
 m - a wand of iceblast (28)
 r - a wand of disintegration (15)
 C - a wand of enslavement (2)
 O - a wand of flame (4)
 W - a wand of digging (2)
 Z - a wand of paralysis (6)
Scrolls
 b - 2 scrolls of magic mapping
 d - 6 scrolls of remove curse
 j - 3 scrolls of teleportation
 l - 2 scrolls of identify
 s - 5 scrolls of amnesia
 u - a scroll of enchant weapon
 T - 3 scrolls of fog
 X - 2 scrolls of summoning
Potions
 f - 4 potions of haste
 z - 4 potions of flight
 E - 7 potions of brilliance
 G - a potion of magic
 I - a potion of resistance
Miscellaneous
 q - a phial of floods (inert)
Comestibles
 c - 24 rations


   Skills:
 + Level 6.5 Fighting
   Level 1.0(4.8) Short Blades
 + Level 6.9(7.0) Long Blades
   Level 0.4(4.1) Axes
   Level 1.4(1.5) Maces & Flails
 + Level 10.8 Polearms
 + Level 2.9 Throwing
 + Level 5.8 Armour
 + Level 7.0 Dodging
 + Level 8.4 Stealth
 + Level 6.0 Shields
 + Level 13.6 Spellcasting
 + Level 2.3 Hexes
 + Level 0.4 Charms
 + Level 13.8 Summonings
 + Level 3.1 Ice Magic
 + Level 4.2 Air Magic
 + Level 5.0 Invocations
 * Level 4.7 Evocations


You had 8 spell levels left.
You knew the following spells:

 Your Spells              Type           Power        Failure   Level  Hunger
a - Summon Small Mammal   Summ           ####         1%          1    None
b - Call Imp              Summ           ######..     1%          2    None
c - Call Canine Familiar  Summ           ######..     1%          3    None
d - Summon Guardian Gole  Hex/Summ       ######..     12%         3    None
e - Summon Ice Beast      Ice/Summ       ######..     34%         4    None
f - Summon Lightning Spi  Summ/Air       ######..     28%         4    None
g - Infusion              Chrm           ###.         69%         1    None
h - Spectral Weapon       Hex/Chrm       ####....     89%         3    None
i - Regeneration          Chrm/Necr      ###.......   97%         3    None
j - Shroud of Golubria    Chrm/Tloc      ###...       85%         2    None
k - Ozocubu's Armour      Chrm/Ice       ####....     86%         3    None
l - Summon Forest         Summ/Tloc      ######....   88%         5    ##.....

Your spell library contained the following spells:

 Spells                   Type           Power        Failure   Level  Hunger
 Freeze                   Ice            ####         30%         1    None
 Confusing Touch          Hex            ####..       41%         1    None
 Throw Frost              Conj/Ice       ####..       65%         2    None
 Animate Skeleton         Necr           N/A          75%         1    None
 Apportation              Tloc           ###...       75%         1    None
 Beastly Appendage        Tmut           ###...       75%         1    None
 Confuse                  Hex            ####....     78%         3    None
 Song of Slaying          Chrm           ###.....     83%         2    None
 Corpse Rot               Necr           N/A          87%         2    None
 Sticks to Snakes         Tmut           ###.....     87%         2    None
 Summon Hydra             Summ           ######....   97%         7    ######.
 Gell's Gravitas          Tloc           ###.......   98%         3    None
 Spider Form              Tmut/Pois      ###.......   98%         3    None
 Stone Arrow              Conj/Erth      ###...       98%         3    None
 Ice Form                 Ice/Tmut       ####....     99%         4    None
 Throw Icicle             Conj/Ice       ####....     99%         4    None
 Leda's Liquefaction      Hex/Erth       ###.......   100%        4    None
 Petrify                  Tmut/Erth      ###.....     100%        4    None
 Blade Hands              Tmut           ###.......   100%        5    ##.....
 Irradiate                Conj/Tmut      ###.......   100%        5    ##.....
 Metabolic Englaciation   Hex/Ice        ####......   100%        5    ##.....
 Yara's Violent Unravell  Hex/Tmut       ###.......   100%        5    ##.....
 Hydra Form               Tmut           ###.......   100%        6    ####...
 Statue Form              Tmut/Erth      ###......    100%        6    ####...
 Dragon Form              Tmut           ###.......   100%        7    ######.


Dungeon Overview and Level Annotations

Branches:
Dungeon (15/15)            Temple (1/1) D:5            Lair (6/6) D:9
  Swamp (1/4) Lair:2        Snake (1/4) Lair:3        Slime (1/5) Lair:5
    Orc (2/2) D:11            Elf (2/3) Orc:2        Vaults (0/5) D:13
 Depths (1/5) D:15          IceCv (visited)

Altars:
Cheibriados
Fedhas
Hepliaklqana
Kikubaaqudgha
Makhleb
Okawaru
Qazlal
Sif Muna
Vehumet
Wu Jian
Xom
Yredelemnul
The Shining One
Jiyva

Shops:
D:5 *   D:8 =   Orc:2 %%[?

Annotations:
Snake:1 Aizul, Azrael
Elf:2 1 runed translucent door


Innate Abilities, Weirdness & Mutations

You revert to your normal form in water.
You are very nimble and swift while swimming.
You are very stealthy in the water. (Stealth+)
Your life essence is reduced to manifest your ancestor. (-10% HP)
You are partially covered in iridescent scales. (AC +2)
Your mind is acute. (Int +2)


Message History

* * * LOW HITPOINT WARNING * * *
You feel very sick.
The +2 dire flail of venom hits you but does no damage.
Your deep elf archer unwields a +0 short sword.
Your deep elf archer wields a +0 shortbow.
Your deep elf archer shoots an arrow.
The arrow is repelled.
The arrow completely misses the +2 dire flail of venom.
The arrow shimmers and vanishes!
Your water elemental completely misses the +2 dire flail of venom.
Okay, then.
You feel agile all of a sudden.
* * * LOW HITPOINT WARNING * * *
You feel very sick.
The +2 dire flail of venom barely misses you.
Your water elemental closely misses the +2 dire flail of venom.
* * * LOW HITPOINT WARNING * * *
You feel sick. The +2 dire flail of venom hits you!
* * * LOW HITPOINT WARNING * * *
The +2 dire flail of venom hits you!
You die...

##### # ##...## ##
##.....## .######
#.......# #'##..#
#≈e≈....#
##....#######≈≈≈....#
......'.....+≈Ee...#
#'....#######+#(@.##
h##...# #+### ###'###
# #.# #.# #.# #.# #+#


You could see a deep elf archer, a +2 dire flail of venom, a friendly deep elf
archer and a friendly water elemental.

Vanquished Creatures
  Rupert (Lair:5)
  Jorgrun (D:13)
  2 dire elephants
  A deep elf demonologist (Elf:1)
  A fire dragon (D:14)
  Erolcha (D:12)
  A hydra (D:14)
  2 centaur warriors (D:15)
  4 two-headed ogres
  2 dancing weapons (Elf:1)
  An alligator (Swamp:1)
  2 death yaks (Lair:6)
  A deep elf knight (Elf:1)
  A skeletal warrior (D:14)
  An unseen horror (D:9)
  4 orc knights
  A deep elf mage (Elf:1)
  2 wizards (D:13)
  9 ugly things (D:15)
  2 cyclopes
  4 elephants
  Joseph (D:7)
  3 black mambas
  Psyche (D:12)
  3 spiny frogs
  A gargoyle (D:15)
  2 centaur skeletons
  2 komodo dragons
  A rime drake (Lair:6)
  3 freezing wraiths
  3 trolls
  A meliai (D:15)
  A queen bee (shapeshifter) (D:14)
  4 blink frogs
  3 slime creatures (D:15)
  6 hippogriffs
  4 dream sheep (Lair:6)
  A wyvern (D:15)
  12 yaks
  3 air elementals (Elf:1)
  A vampire (D:15)
  2 shadows (D:15)
  5 wraiths
  3 basilisks
  10 humans
  A swamp worm (shapeshifter) (D:15)
  11 water moccasins
  4 wargs
  An acid dragon (D:14)
  A soldier ant (shapeshifter) (D:14)
  A naga (Snake:1)
  Duvessa (D:7)
  4 porcupines
  11 orc warriors
  6 ice beasts
  3 sky beasts
  A black bear (D:12)
  2 wolves (Lair:4)
  3 phantoms
  8 centaurs
  12 ogres
  4 crocodiles
  9 bullfrogs
  Dowan (D:7)
  A scorpion (D:9)
  A hexer (IceCv)
  3 wights
  An elephant simulacrum (IceCv)
  3 howler monkeys
  An electric eel (Lair:5)
  9 crimson imps
  A bullfrog zombie (D:9)
  3 centaur zombies
  2 jellies
  4 hounds
  A bullfrog skeleton (D:12)
  7 orc priests
  9 orc wizards
  An iguana (Lair:2)
  Natasha (twice) (D:3)
  4 worker ants
  A troll simulacrum (IceCv)
  A hound skeleton (D:5)
  A worker ant zombie (D:7)
  A howler monkey skeleton (D:4)
  A naga simulacrum (IceCv)
  6 adders
  6 shadow imps
  An adder zombie (D:7)
  An adder skeleton (D:9)
  2 dart slugs
  6 leopard geckos
  37 orcs
  A ball python (D:3)
  5 bats
  4 giant cockroaches
  4 goblins
  5 hobgoblins
  9 jackals
  2 quokkas
  2 frilled lizards (D:3)
  10 kobolds
  A leopard gecko skeleton (D:8)
  4 rats
  A fungus (Lair:2)
  3 plants (Lair:6)
372 creatures vanquished.

Vanquished Creatures (collateral kills)
  Kirke (D:13)
  Gastronok (Orc:1)
  2 dire elephants
  Josephine (Lair:6)
  6 hydras
  An ice dragon (D:15)
  2 vault guards (D:13)
  Harold (D:10)
  An anaconda (Lair:6)
  An ogre mage (Orc:1)
  3 centaur warriors
  A catoblepas (D:13)
  An alligator (Swamp:1)
  A death knight (D:15)
  A death yak (Lair:6)
  5 two-headed ogres
  3 orc high priests
  Sonja (Lair:1)
  A deep elf knight (Elf:1)
  3 skeletal warriors (D:14)
  A glowing orange brain (D:15)
  2 unseen horrors
  A deep elf archer (Elf:1)
  2 orc knights (Orc:2)
  7 deep elf magi (Elf:1)
  6 orc sorcerers (Orc:2)
  3 ugly things
  A manticore (D:11)
  An ice statue (IceCv)
  12 elephants
  2 cyclopes (D:12)
  A black mamba (Lair:2)
  A guardian serpent (Lair:3)
  A gargoyle (D:13)
  4 spiny frogs
  A kobold demonologist (D:11)
  3 rime drakes
  2 efreet
  8 komodo dragons
  8 freezing wraiths (IceCv)
  3 trolls
  2 meliai (D:15)
  4 hippogriffs
  A hornet (D:9)
  A slime creature (Slime:1)
  9 blink frogs
  Sigmund (D:8)
  A vampire (D:9)
  A wraith (D:9)
  A basilisk (D:9)
  3 wyverns
  36 yaks
  15 humans
  A basilisk (shapeshifter) (D:15)
  2 hogs (D:13)
  A vampire mosquito (D:9)
  3 hungry ghosts
  2 nagas (Snake:1)
  Menkaure (D:4)
  A warg (D:9)
  12 orc warriors
  7 water moccasins
  2 porcupines
  A swamp drake (Lair:2)
  A black bear (D:6)
  5 sky beasts
  An alligator simulacrum (IceCv)
  A phantom (D:11)
  12 ice beasts
  A necrophage (D:10)
  20 ogres
  An eye of draining (D:11)
  14 centaurs
  3 wolves (Lair:4)
  5 crocodiles
  4 big kobolds
  5 bullfrogs
  A wyvern zombie (D:6)
  A wyvern skeleton (D:14)
  4 scorpions
  A killer bee (D:11)
  9 wights
  3 howler monkeys
  2 electric eels (Lair:1)
  A hexer (D:10)
  4 crimson imps
  2 draconian simulacra (IceCv)
  3 hounds
  2 bullfrog skeletons (D:9)
  15 orc priests
  4 jellies
  18 orc wizards
  Crazy Yiuf (D:3)
  A centaur skeleton (D:11)
  An iguana (Lair:2)
  Terence (D:2)
  Ijyb (D:4)
  Natasha (D:3)
  A spriggan simulacrum (IceCv)
  7 troll simulacra (IceCv)
  3 worker ants
  A polar bear simulacrum (IceCv)
  A wolf simulacrum (IceCv)
  A killer bee zombie (D:7)
  A centaur simulacrum (IceCv)
  An ogre zombie (Orc:1)
  A hound zombie (D:5)
  A hound skeleton (D:8)
  Robin (D:2)
  A howler monkey skeleton (D:11)
  6 adders
  6 ogre simulacra (IceCv)
  A naga simulacrum (IceCv)
  A shadow imp (D:6)
  12 white imps (IceCv)
  2 oozes
  An adder zombie (D:5)
  An adder skeleton (D:4)
  A leopard gecko (D:9)
  50 orcs
  A ball python (D:1)
  A giant cockroach (D:1)
  7 hobgoblins
  3 jackals (D:5)
  A quokka (D:4)
  2 bats
  A frilled lizard (D:3)
  6 goblins (D:2)
  12 kobolds
  A leopard gecko skeleton (D:4)
  2 rats (D:1)
  11 fungi
  3 plants (Lair:1)
516 creatures vanquished.

Vanquished Creatures (others)
  A dire elephant (Lair:6)
  2 two-headed ogres
  2 dancing weapons (Elf:1)
  A necromancer (IceCv)
  An ugly thing (D:11)
  3 elephants
  A spiny frog (Lair:6)
  A meliai zombie (D:15)
  A yak (D:10)
  3 humans (D:13)
  50 hexers
  10 ancestors
  A howler monkey skeleton (D:8)
  A bush (Elf:1)
  12 fungi
  15 plants
105 creatures vanquished.

Grand Total: 993 creatures vanquished

Notes
Turn   | Place    | Note
-------+----------+-------------------------------------------
     0 | D:1      | Quickbrownfox the Merfolk Summoner began the quest for the
                  | Orb.
     0 | D:1      | Reached XP level 1. HP: 13/13 MP: 3/3
   778 | D:1      | Reached XP level 2. HP: 16/19 MP: 5/5
   782 | D:1      | Learned a level 2 spell: Call Imp
  1411 | D:1      | Reached XP level 3. HP: 17/25 MP: 6/6
  1659 | D:2      | Noticed Terence
  1672 | D:2      | Killed Terence
  1833 | D:2      | Reached XP level 4. HP: 17/31 MP: 3/7
  1944 | D:2      | Noticed Robin
  1999 | D:2      | Killed Robin
  1999 | D:2      | Reached skill level 1 in Fighting
  2284 | D:2      | Learned a level 3 spell: Call Canine Familiar
  2387 | D:3      | Reached skill level 1 in Short Blades
  2399 | D:3      | Found a basalt altar of Yredelemnul.
  2546 | D:3      | Noticed Natasha
  2560 | D:3      | Killed Natasha
  2560 | D:3      | Reached skill level 1 in Polearms
  2560 | D:3      | Reached XP level 5. HP: 28/37 MP: 1/9
  2683 | D:3      | Noticed Natasha
  2690 | D:3      | Killed Natasha
  2858 | D:3      | Noticed Natasha
  2864 | D:3      | Killed Natasha
  2885 | D:3      | Found a runed translucent door.
  2925 | D:3      | Noticed Crazy Yiuf
  2948 | D:3      | Killed Crazy Yiuf
  2948 | D:3      | Reached skill level 5 in Summonings
  3041 | D:3      | Reached XP level 6. HP: 40/43 MP: 2/10
  3403 | D:4      | Noticed Menkaure
  3411 | D:4      | Killed Menkaure
  3504 | D:4      | Reached skill level 1 in Armour
  3820 | D:4      | Noticed a sky beast
  3826 | D:4      | Noticed a phantom
  3872 | D:4      | Killed a sky beast
  3872 | D:4      | Reached XP level 7. HP: 27/48 MP: 0/12
  4376 | D:4      | Reached skill level 5 in Polearms
  4474 | D:4      | Noticed Ijyb
  4493 | D:4      | Killed Ijyb
  4646 | D:5      | Entered Level 5 of the Dungeon
  4646 | D:5      | Found Daoz's Assorted Antiques.
  4669 | D:5      | Bought a scroll labeled WIDAREROCH for 24 gold pieces
  4970 | D:5      | Noticed a hippogriff
  4985 | D:5      | Reached XP level 8. HP: 42/56 MP: 3/14
  4987 | D:5      | Killed a hippogriff
  5131 | D:5      | Found a glowing golden altar of the Shining One.
  5255 | D:5      | Found a staircase to the Ecumenical Temple.
  5263 | Temple   | Entered the Ecumenical Temple
  5268 | Temple   | Became a worshipper of Hepliaklqana the Forgotten
  6325 | D:6      | Reached skill level 5 in Spellcasting
  6418 | D:6      | Reached * piety under Hepliaklqana
  6676 | D:6      | Got a crystal scimitar
  6677 | D:6      | Identified the +8 scimitar of Sudden Death {freeze, Str+2}
                  | (You found it on level 6 of the Dungeon)
  6961 | D:7      | Noticed Duvessa
  6971 | D:7      | Noticed Dowan
  6972 | D:7      | Reached XP level 9. HP: 55/55 MP: 6/17
  6977 | D:7      | Killed Duvessa
  6982 | D:7      | Killed Dowan
  6982 | D:7      | Reached skill level 1 in Maces & Flails
  7031 | D:7      | Noticed Joseph
  7050 | D:7      | Killed Joseph
  7050 | D:7      | Reached skill level 1 in Long Blades
  7266 | D:7      | Reached skill level 5 in Dodging
  7599 | D:7      | Learned a level 3 spell: Summon Guardian Golem
  7604 | D:7      | Learned a level 4 spell: Summon Ice Beast
  7609 | D:7      | Learned a level 4 spell: Summon Lightning Spire
  7611 | D:7      | Learned a level 1 spell: Infusion
  8027 | D:7      | Noticed a cyclops
  8060 | D:7      | Killed a cyclops
  8180 | D:7      | Learned a level 3 spell: Spectral Weapon
  8250 | D:8      | Reached XP level 10. HP: 33/63 MP: 14/20
  8338 | D:8      | Reached skill level 1 in Evocations
  8476 | D:8      | Found a runed translucent door.
  8484 | D:8      | Noticed Sigmund
  8746 | D:8      | Noticed a two-headed ogre
  8749 | D:8      | Found Gitibin's Jewellery Shop.
  8773 | D:8      | Killed a two-headed ogre
  8795 | D:8      | Reached ** piety under Hepliaklqana
  8955 | D:8      | Reached skill level 1 in Air Magic
  8977 | D:8      | Reached skill level 5 in Stealth
  9308 | D:8      | Noticed a two-headed ogre
  9330 | D:8      | Killed a two-headed ogre
  9386 | D:8      | Found a runed translucent door.
  9606 | D:8      | Found a shimmering altar of Xom.
  9607 | D:8      | Found a shimmering altar of Xom.
  9607 | D:8      | Found a shimmering altar of Xom.
  9607 | D:8      | Found a shimmering altar of Xom.
  9607 | D:8      | Found a shimmering altar of Xom.
  9713 | D:9      | Reached skill level 5 in Long Blades
  9713 | D:9      | Reached XP level 11. HP: 70/70 MP: 23/23
  9833 | D:9      | Reached skill level 1 in Throwing
 10070 | D:8      | Remembered your ancestor Baqqanum as a hexer
 10572 | D:9      | Identified the ring "Hiycataq" {Fire rPois MP-9 Int+3}
 10925 | D:9      | Reached skill level 1 in Hexes
 11433 | D:9      | Killed an unseen horror
 11665 | D:9      | Got a fine bone ring
 11668 | D:9      | Got a pitted ivory ring
 11675 | D:9      | Got a pitted lapis lazuli ring
 11839 | D:9      | Found a staircase to the Lair.
 11922 | D:10     | Entered Level 10 of the Dungeon
 11922 | D:10     | Noticed a brown ugly thing
 11942 | D:10     | Killed a brown ugly thing
 12167 | D:10     | Noticed Harold
 12193 | D:10     | Killed Harold
 12687 | D:10     | Identified the ring of Kuvaiwnojua {rC+ MR+} (You found it
                  | on level 9 of the Dungeon)
 12689 | D:10     | Identified the ring of Rugokeun {Str+3 Int+4 Dex+4} (You
                  | found it on level 9 of the Dungeon)
 12691 | D:10     | Identified the ring "Rufy" {Ice -Tele +Inv rN+ Dex+2} (You
                  | found it on level 9 of the Dungeon)
 13081 | D:8      | Killed Sigmund
 13142 | D:9      | Killed an unseen horror
 13142 | D:9      | Reached skill level 5 in Fighting
 13176 | Lair:1   | Entered Level 1 of the Lair of Beasts
 13568 | D:9      | Reached XP level 12. HP: 62/77 MP: 7/25
 13577 | D:9      | Learned a level 3 spell: Regeneration
 13932 | D:11     | Noticed a six-headed hydra
 14441 | D:10     | Reached skill level 1 in Ice Magic
 14454 | D:10     | Learned a level 2 spell: Shroud of Golubria
 14686 | D:11     | Killed a six-headed hydra
 14996 | D:11     | Reached skill level 10 in Spellcasting
 15098 | D:11     | Noticed a two-headed ogre
 15110 | D:11     | Killed a two-headed ogre
 15110 | D:11     | Reached skill level 10 in Summonings
 15175 | D:11     | Noticed a centaur warrior
 15580 | D:11     | Noticed a two-headed ogre
 15594 | D:11     | Killed a two-headed ogre
 16068 | D:11     | Found a staircase to the Orcish Mines.
 16140 | D:11     | Killed a centaur warrior
 16374 | Orc:1    | Entered Level 1 of the Orcish Mines
 16650 | Orc:1    | Reached *** piety under Hepliaklqana
 16653 | Orc:1    | Noticed Gastronok
 16716 | Orc:1    | Killed Gastronok
 17054 | Orc:2    | Entered Level 2 of the Orcish Mines
 17054 | Orc:2    | Found a frozen archway.
 17092 | Orc:2    | Reached skill level 1 in Invocations
 17355 | IceCv    | Entered an ice cave
 17729 | IceCv    | Reached XP level 13. HP: 83/83 MP: 17/27
 18132 | IceCv    | Found an ancient bone altar of Kikubaaqudgha.
 18193 | IceCv    | HP: 3/83 [freezing wraith (10)]
 18193 | IceCv    | HP: 1/83 [freezing wraith (2)]
 20399 | Orc:2    | Found a staircase to the Elven Halls.
 21033 | Orc:1    | Learned a level 3 spell: Ozocubu's Armour
 21933 | Orc:2    | HP: 2/83 [ufetubus[an orc high priest] (4)]
 22509 | D:12     | Noticed Psyche
 22695 | D:12     | Identified the ring "Hubeduwu" {rF+ AC+6}
 22819 | D:12     | Reached skill level 5 in Armour
 22846 | D:12     | Killed Psyche
 23282 | D:12     | Noticed Erolcha
 23966 | D:12     | Killed Erolcha
 24191 | D:13     | Noticed Kirke
 24290 | Lair:1   | Reached **** piety under Hepliaklqana
 24326 | Lair:1   | Noticed Sonja
 24333 | Lair:1   | Killed Sonja
 25093 | Lair:1   | Got a pair of faintly glowing gloves
 25099 | Lair:1   | Identified the +1 pair of gloves "Telanud" {-Tele +Inv rN+
                  | Dex+5} (You found it on level 1 of the Lair of Beasts)
 25334 | Lair:2   | Found a staircase to the Swamp.
 25565 | Lair:2   | Learned a level 5 spell: Summon Forest
 25922 | Lair:2   | Reached skill level 5 in Invocations
 25925 | Lair:2   | Reached XP level 14. HP: 79/90 MP: 4/29
 26219 | Lair:2   | Got a faintly glowing shield
 26225 | Lair:2   | Identified the +3 shield of Egalitarianism {+Inv rElec
                  | Int+4 Dex-2} (You found it on level 2 of the Lair of
                  | Beasts)
 26457 | Lair:3   | Found a staircase to the Snake Pit.
 26694 | Lair:3   | Reached skill level 1 in Shields
 26930 | Lair:3   | Reached ***** piety under Hepliaklqana
 28972 | Lair:5   | Noticed Rupert
 28989 | Lair:5   | Killed Rupert
 29166 | Lair:5   | Found a viscous altar of Jiyva.
 29167 | Lair:5   | Found a staircase to the Slime Pits.
 29267 | Lair:6   | Entered Level 6 of the Lair of Beasts
 29811 | Lair:6   | Noticed Josephine
 29831 | Lair:6   | Killed Josephine
 30241 | Lair:6   | Noticed a dire elephant
 30241 | Lair:6   | Noticed a dire elephant
 30258 | Lair:6   | Noticed a dire elephant
 30506 | Lair:6   | Noticed a dire elephant
 30683 | Lair:6   | Noticed a dire elephant
 31145 | Lair:4   | Killed a dire elephant
 31208 | Lair:4   | Killed a dire elephant
 31444 | Lair:6   | Noticed a dire elephant
 31462 | Lair:6   | Killed a dire elephant
 31508 | Lair:6   | Killed a dire elephant
 31730 | Lair:6   | Killed a dire elephant
 32534 | Orc:2    | Reached XP level 15. HP: 91/94 MP: 17/31
 32544 | Orc:2    | Found Neweomet's Food Boutique.
 32544 | Orc:2    | Found Esaal's Food Emporium.
 32546 | Orc:2    | Found Wasi's Antique Armour Boutique.
 32546 | Orc:2    | Found Nickuniaq's Magic Scroll Emporium.
 32554 | Orc:2    | Bought an ancient scale mail for 270 gold pieces
 32564 | Orc:2    | Identified the +3 scale mail of Objectivity {-Tele rC+
                  | rCorr Int+3} (You bought it in a shop on level 2 of the
                  | Orcish Mines)
 32663 | Orc:2    | Bought a scroll of summoning for 142 gold pieces
 32663 | Orc:2    | Bought a scroll of brand weapon for 300 gold pieces
 33228 | Slime:1  | Entered Level 1 of the Pits of Slime
 33228 | Slime:1  | Noticed an acid blob
 33751 | D:8      | Bought the ring of Esegad {rPois rF+ Int+3 SInv} for 712
                  | gold pieces
 33876 | Swamp:1  | Entered Level 1 of the Swamp
 34085 | Snake:1  | Entered Level 1 of the Snake Pit
 34085 | Snake:1  | Noticed Aizul
 34105 | Snake:1  | Noticed Azrael
 34854 | D:13     | Killed Kirke
 34854 | D:13     | Reached skill level 5 in Shields
 34894 | D:13     | Noticed Jorgrun
 35007 | D:13     | Killed Jorgrun
 35028 | D:13     | Reached skill level 10 in Polearms
 35288 | D:13     | Found a gate to the Vaults.
 35472 | D:13     | You fall into a shaft and drop 1 floor!
 35530 | D:14     | Got an iridescent long sword
 35731 | D:13     | Identified the cursed +3 long sword of Hemif {vamp, rN+}
                  | (You found it on level 14 of the Dungeon)
 35737 | D:13     | Identified a scroll of acquirement
 35739 | D:13     | Got a spiked cloak
 35750 | D:13     | Identified the +2 cloak "Hicowi" {Str+6} (You acquired it
                  | on level 13 of the Dungeon)
 36197 | D:14     | Reached ****** piety under Hepliaklqana
 36517 | D:15     | Entered Level 15 of the Dungeon
 36872 | D:15     | Found a shimmering blue altar of Sif Muna.
 37611 | D:15     | Found a staircase to the Depths.
 38003 | Depths:1 | Entered Level 1 of the Depths
 38402 | Elf:1    | Entered Level 1 of the Elven Halls
 38890 | Elf:1    | Reached XP level 16. HP: 70/101 MP: 9/33
 39058 | Elf:1    | Upgraded the game from 0.24.0-2-g5b39cebb1c to
                  | 0.24.0-3-g28a8eb0610
 39669 | Elf:1    | You fall into a shaft and drop 1 floor!
 39705 | Elf:2    | Found a runed translucent door.
 39705 | Elf:2    | Found a runed translucent door.
 39814 | Elf:1    | HP: 3/101 [+2 dire flail of venom (7)]
 39816 | Elf:1    | HP: 1/101 [+2 dire flail of venom (1)]
 39817 | Elf:1    | Gained mutation: Your mind is acute. (Int +2) [potion of
                  | mutation]
 39817 | Elf:1    | Gained mutation: You are partially covered in iridescent
                  | scales. (AC +2) [potion of mutation]
 39821 | Elf:1    | HP: 2/101 [+2 dire flail of venom (4)]
 39821 | Elf:1    | Slain by a +2 dire flail of venom

Levels and vault maps discovered:
D:1:      psy_arrival_dodecagon, layout_basic
D:2:      layout_basic, uniq_terence, uniq_robin
D:3:      layout_basic, yredelemnul_altar_generic, uniq_crazy_yiuf_cottage,
          uniq_natasha
D:4:      layout_basic, first_ration, uniq_ijyb, uniq_menkaure
D:5:      layout_cave_pods, nicolae_tso_swordbearing_angel,
          minmay_temple_entry_grid, serial_shops, shop, serial_park,
          serial_park_tiny_2, serial_park_tiny_1, serial_park_square2
D:6:      layout_loops_corners, minmay_stone_trees_medium
D:7:      layout_basic, uniq_duvessa, uniq_joseph
D:8:      erik_cavepeople, layout_basic, serial_shops, shop, grunt_pizzeria,
          minmay_misc_feat_five, xom_shifter_show
D:9:      minmay_the_grid_triangle_9x9_rhombus_thin
          [minmay_the_grid_triangle_9x9_zippers_vertical,
          minmay_the_grid_triangle_9x9_prize_special,
          minmay_the_grid_triangle_9x9_flanged_cone,
          minmay_the_grid_triangle_9x9_swiss_cheese], layout_rooms,
          erik_lair_orcish_takeover, serial_park_tiny_1
D:10:     layout_basic, uniq_harold
D:11:     kennysheep_blocky_room, layout_rooms, david_orc_4
D:12:     layout_loops_corners, gauntlet_entry_generic, uniq_erolcha,
          uniq_psyche
D:13:     layout_rooms, grunt_vaults_entry_tiered, uniq_jorgrun, uniq_kirke
D:14:     layout_roguey, infiniplex_staircase_pool_2
D:15:     gammafunk_enter_depths_forms, layout_basic, grunt_decor_arrowhead,
          basic_altar
Temple:   compressed_dpeg_triangle_lava_temple
Lair:1:   layout_misc_corridors, cheibrodos_lair_reptile_den,
          lemuel_fruit_fields, lemuel_fruit_fields, serial_bayou_shore_a,
          uniq_sonja
Lair:2:   layout_chaotic_city, minmay_swamp_entry_reptiles
Lair:3:   layout_hall_layers, minmay_snake_entry_spellcaster,
          lemuel_fruit_fields
Lair:4:   layout_roguey, serial_bayou_shore_b
Lair:5:   layout_concentric_octagons, dpeg_slime_entry_enclosed_altar,
          st_stairs_5, nicolae_quartered_pool_medium, grunt_megastairs_2,
          lemuel_fruit_fields, uniq_rupert
Lair:6:   due_jungle_book, layout_regular_city, st_stairs_3, fungi_pond_lemuel,
          uniq_josephine
Swamp:1:  layout_basic_swamp, ebering_ghost_rock_garden,
          evilmike_swamp_ruin_rubble_1, cheibrodos_swamp_slimy
Snake:1:  layout_layer_cave, serial_shops, nicolae_shop_waterfront,
          shop_fountains, serial_bayou_pond_b, uniq_aizul, uniq_louise,
          uniq_azrael, uniq_frances
Slime:1:  layout_caves
Orc:1:    lemuel_ogre_cave, layout_diamond_mine, uniq_gastronok
Orc:2:    grunt_orc_tribal_feast, layout_caves, portal_ice_cave_entry_ice_beasts
Elf:1:    layout_geoelf_octagon, minivault_28, minmay_shop_grove
Elf:2:    layout_geoelf_octagon, basic_altar
Depths:1: layout_cave_pools, abyss_entry, hell_entry, old_standard_altar,
          horrible_house_mu

Skill      XL: |  1  2  3  4  5  6  7  8  9 10 11 12 13 14 15 16 |
---------------+-------------------------------------------------+-----
Dodging        | 3 4 5 6 7 |  7.0
Fighting       | 1 2 3 4 5 6 |  6.5
Short Blades   | 1 |  1.0
Polearms       | 1 2 4 6 7 8 9 10 | 10.8
Spellcasting   | 3 4 5 7 8 9 10 11 12 13 | 13.6
Summonings     | 5 6 7 8 9 10 11 13 | 13.8
Armour         | 1 3 4 5 |  5.8
Stealth        | 4 5 6 7 8 |  8.4
Maces & Flails | 1 |  1.4
Long Blades    | 2 5 6 |  6.9
Evocations     | 1 2 4 |  4.7
Air Magic      | 1 2 3 4 |  4.2
Throwing       | 2 |  2.9
Hexes          | 1 2 |  2.3
Ice Magic      | 1 2 3 |  3.1
Invocations    | 1 5 |  5.0
Shields        | 4 5 6 |  6.0
Axes           | |  0.4
Charms         | |  0.4

Action                   |  1- 3 |  4- 6 |  7- 9 | 10-12 | 13-15 | 16-18 || total
-------------------------+-------+-------+-------+-------+-------+-------++-------
Melee: Whip              |    55 |       |       |       |       |       ||    55
       Hand axe          |    41 |       |       |       |       |       ||    41
       Dagger            |    64 |    34 |       |       |       |       ||    98
       Spear             |       |   147 |   273 |   160 |  1231 |    59 ||  1870
       Mace              |       |       |    24 |       |       |       ||    24
       Scimitar          |       |       |    42 |   243 |    25 |       ||   310
Throw: Dart              |       |     3 |     6 |     1 |       |       ||    10
       Javelin           |       |       |     4 |     3 |     2 |       ||     9
       Boomerang         |       |       |       |    31 |    41 |       ||    72
 Cast: Summon Small Mamm |    17 |    12 |    13 |    18 |    20 |       ||    80
       Call Imp          |     9 |    32 |    78 |   201 |   529 |    23 ||   872
       Call Canine Famil |       |     8 |    19 |    49 |    89 |     4 ||   169
       Summon Guardian G |       |       |     2 |    29 |    65 |     7 ||   103
       Infusion          |       |       |     1 |     1 |       |       ||     2
       Summon Lightning  |       |       |       |    40 |   157 |     7 ||   204
       Summon Ice Beast  |       |       |       |    12 |    50 |       ||    62
       Shroud of Golubri |       |       |       |       |     1 |     1 ||     2
       Summon Forest     |       |       |       |       |     1 |       ||     1
Invok: Recall Ancestor   |       |       |       |     7 |     5 |     1 ||    13
       Ancestor Life: He |       |       |       |     1 |       |       ||     1
 Abil: Evoke Invisibilit |       |       |       |       |       |     2 ||     2
Evoke: Wand              |       |       |     5 |    19 |    24 |       ||    48
       Phial of floods   |       |       |       |       |       |     1 ||     1
       Phantom mirror    |       |       |       |       |       |     1 ||     1
  Use: Scroll            |       |     5 |     3 |    13 |    25 |     6 ||    52
       Potion            |       |     4 |     1 |     9 |    13 |    14 ||    41
 Stab: Distracted        |     1 |     2 |     9 |     7 |    45 |     1 ||    65
       Sleeping          |       |     2 |     9 |     5 |    23 |       ||    39
       Paralysed         |       |       |       |    15 |    10 |       ||    25
       Confused          |       |       |       |     2 |    16 |       ||    18
  Eat: Chunk             |     4 |     8 |    13 |    16 |    28 |       ||    69
       Ration            |       |       |     2 |     6 |    12 |     1 ||    21
Armor: Robe              |    12 |       |       |       |       |       ||    12
       Ring mail         |    54 |    13 |       |    62 |    92 |       ||   221
       Leather armour    |       |    26 |    88 |    45 |       |       ||   159
       Chain mail        |       |       |       |    20 |     9 |    44 ||    73
       Skin              |       |       |       |       |     2 |       ||     2
       Scale mail        |       |       |       |       |   150 |    20 ||   170
Dodge: Dodged            |   129 |    92 |   175 |   275 |   277 |    26 ||   974
       Deflected         |       |       |       |     4 |    13 |       ||    17
Block: Shield            |       |       |       |       |   297 |    46 ||   343
       Rpst.: Scimitar   |       |       |    12 |    41 |     3 |       ||    56
